Map: Zen LE

Players

Dark

  • Race: Zerg Zerg
  • Spawn Location: 1:00

Solar - Winner!

  • Race: Zerg Zerg
  • Spawn Location: 7:00

Event: IEM Katowice 2020

VOD

Have the link to the VOD?

Description

Time

  • Played on: Feb. 29, 2020, 7:34 a.m.
  • Length: 6:08

All games in this series

Show
View Real Time Build Order
Export as new Build Order

Dark Zerg 

Build Orders: Hatch First 

Get SALT Encoding   

  12  0:00  Drone  
  13  0:12  Overlord  
  13  0:17  Drone  
  14  0:30  Drone x2  
  16  0:49  Hatchery  
  15  0:53  Drone  
  16  0:58  Drone  
  16  1:00  Drone  
  18  1:12  Extractor  
  18  1:15  Spawning Pool  
  18  1:18  Drone  
  17  1:20  Drone  
  18  1:28  Drone  
  19  1:39  Drone  
  20  1:49  Drone  
  21  2:01  Queen x2  
  21  2:04  Drone, Overlord  
  26  2:11  Drone  
  26  2:12  Drone  
  26  2:15  Metabolic Boost  
  28  2:24  Drone  
  28  2:25  Drone  
  30  2:33  Hatchery  
  29  2:41  Drone x2  
  31  2:45  Queen  
  33  2:52  Baneling Nest  
  33  2:54  Overlord  
  33  2:57  Drone  
  33  3:00  Drone  
  33  3:01  Drone  
  33  3:04  Drone  
  36  3:13  Zergling x8  
  36  3:17  Overlord  
  40  3:21  Drone  
  40  3:22  Drone  
  42  3:27  Drone x2  
  44  3:36  Drone  
  44  3:40  Baneling  
  45  3:42  Drone x2  
  45  3:43  Drone x3  
  45  3:45  Queen  
  52  3:49  Drone x3  
  52  3:52  Drone x2  
  57  3:56  Overlord  
  57  3:57  Extractor  
  57  4:01  Lair  
  56  4:04  Drone  
  56  4:08  Evolution Chamber  
  56  4:12  Drone x2  
  56  4:13  Overlord  
  56  4:15  Roach Warren  
  57  4:17  Drone  
  57  4:18  Drone  
  57  4:19  Drone  
  57  4:21  Drone  
  61  4:24  Drone x2  
  61  4:27  Drone x2  
  61  4:30  Drone  
  66  4:32  Overlord  
  66  4:35  Drone x3  
  69  4:40  Extractor, Drone  
  69  4:41  Extractor  
  69  4:43  Overlord  
  68  4:47  Baneling x2  
  68  4:48  Drone  
  68  4:54  Overlord  
  68  4:56  Roach x4  
  68  4:57  Roach  
  68  4:58  Drone  
  79  5:00  Drone x2  
  80  5:07  Roach  
  80  5:08  Baneling x2  
  80  5:10  Drone x2  
  80  5:11  Drone x2  
  80  5:13  Extractor, Overseer  
  86  5:14  Extractor, Drone x2  
  86  5:19  Roach  
  88  5:25  Queen  
  92  5:30  Drone x2  
  92  5:31  Drone  
  95  5:35  Roach  
  95  5:36  Roach, Overlord  
  95  5:38  Spine Crawler  
  92  5:46  Roach x3  
  92  5:47  Roach  
Show
View Real Time Build Order
Export as new Build Order

Solar Zerg - Winner!

Build Orders: Hatch First 

Get SALT Encoding   

  12  0:01  Drone  
  13  0:12  Overlord  
  13  0:16  Drone  
  14  0:30  Drone x2  
  16  0:48  Hatchery  
  15  0:51  Drone  
  15  0:54  Drone  
  17  0:58  Drone  
  18  1:08  Extractor  
  17  1:14  Spawning Pool  
  17  1:16  Drone  
  17  1:20  Drone  
  18  1:28  Drone  
  19  1:39  Drone  
  20  1:50  Overlord  
  20  2:01  Queen x2  
  20  2:04  Drone x2  
  26  2:10  Metabolic Boost  
  26  2:12  Drone x2  
  28  2:22  Drone x2  
  30  2:34  Hatchery  
  30  2:36  Drone  
  30  2:39  Drone  
  30  2:43  Zergling x2  
  32  2:48  Overlord  
  32  2:52  Baneling Nest  
  32  2:55  Drone x2  
  33  3:05  Drone x2  
  35  3:10  Zergling x4  
  35  3:11  Drone x3  
  40  3:16  Queen  
  40  3:19  Zergling x2  
  43  3:22  Evolution Chamber  
  43  3:24  Zergling x2  
  43  3:26  Drone  
  44  3:31  Overlord  
  44  3:40  Baneling  
  43  3:46  Drone  
  43  3:47  Drone x3  
  47  3:48  Drone x2  
  47  3:49  Drone  
  47  3:54  Zergling x2  
  51  3:57  Overlord  
  51  3:59  Drone  
  52  4:03  Drone  
  52  4:06  Roach Warren  
  52  4:13  Extractor  
  52  4:15  Extractor, Drone x4  
  52  4:16  Overlord  
  54  4:18  Zergling x2  
  54  4:19  Zergling x4  
  54  4:21  Zergling x4  
  54  4:24  Overlord  
  59  4:28  Overlord  
  59  4:30  Overlord  
  58  4:48  Roach x8  
  58  4:49  Roach x2  
  80  4:52  Roach  
  80  4:54  Roach  
  80  4:59  Baneling x2  
  82  5:03  Zergling x8  
  85  5:07  Zergling x4  
  85  5:13  Overlord  
  85  5:15  Zergling x8  
  85  5:16  Baneling x3  
  85  5:17  Baneling  
  89  5:23  Baneling x5  
  89  5:24  Zergling x4  
  89  5:26  Zergling x2  
  89  5:28  Zergling x2  
  92  5:31  Zergling x4  
  92  5:33  Zergling x4  
  92  5:35  Zergling x2  
  93  5:43  Zergling x2  
  93  5:46  Zergling x2  
  93  5:49  Zergling x8  
  91  5:50  Ravager  
  91  5:53  Ravager  

Tags
 
Add a new tag
Caveats
  • Supply blocks, unpowered buildings, or Contaminate may cause inaccurate times.
  • Supply counts are checked every 10 seconds.